Aeros vs Whale

Created - Thursday, December 18, 2014 at 23:34

Goals
1 2 3 T
Aeros 0 0 0 0
Whale 0 0 1 1
Shots
1 2 3 T
Aeros 12 3 8 23
Whale 6 9 5 20

1st period

No Goal

Penalties :
James Livingston (CON) for Fighting (Major) at 2:02, Brodie Dupont (HOU) for Fighting (Major) at 2:02, Ilari Melart (HOU) for High sticking (Minor) at 5:17, Bretton Stamler (HOU) for Interference (Minor) at 11:51

2nd period

No Goal

Penalties :
Shane O'Brien (HOU) for Hooking (Minor) at 0:52, Taylor Chorney (CON) for Tripping (Minor) at 11:36

3rd period

1. Whale , Mike Hedden 9 (James Livingston) at 11:03

Penalties :
Bretton Stamler (HOU) for Hooking (Minor) at 3:16, Chris McKelvie (CON) for Holding (Minor) at 7:35

Goalie Stats

David Leggio (HOU), 19 saves from 20 shots - (0.950), L, 5-2-1, 60:00 minutes
Dustin Tokarski (CON), 23 saves from 23 shots - (1.000), W, 5-4-5, 60:00 minutes

Players Stats for Aeros

Player Name              G  A  P  +/- PIM S  H  SB GA TA FO     MP     PP MP  PK MP  
------------------------------------------------------------------------------------
Andrew Gordon            0  0  0   0  0   2  3  0  3  0  4/7    22:23   2:01   6:01 
Bretton Stamler          0  0  0   0  4   0  0  1  0  0  0/0    12:06   0:00   0:00 
Brodie Dupont            0  0  0   0  5   1  0  0  0  0  2/3     4:40   0:00   0:01 
Cam Janssen              0  0  0  -1  0   3  3  0  2  1  0/0    21:18   1:57   1:06 
Chris Summers            0  0  0   0  0   6  0  2  0  1  0/0    14:51   0:00   0:00 
Colin Stuart             0  0  0   0  0   1  2  0  5  1  0/0    17:27   0:00   1:54 
Craig Cunningham         0  0  0   0  0   2  2  0  0  0  2/3    16:40   1:57   1:54 
Danny Hobbs              0  0  0   0  0   0  3  0  1  0  5/11   15:37   1:49   0:00 
Ilari Melart             0  0  0   0  2   0  0  0  0  1  0/0     8:37   0:00   1:25 
Jared Gomes              0  0  0  -1  0   1  1  0  1  0  3/4     7:36   0:00   0:00 
Jason Zucker             0  0  0   0  0   1  2  0  1  0  0/0    19:56   2:01   4:56 
Joel Chouinard           0  0  0   0  0   1  1  0  0  1  0/0    22:00   1:47   3:11 
Jon Landry               0  0  0  -1  0   1  2  2  0  0  0/0    20:21   2:11   4:45 
Matthew Pistilli         0  0  0   0  0   1  2  0  0  1  0/0    15:13   0:08   0:00 
Patrick Wey              0  0  0  -1  0   0  1  2  0  0  0/0    18:50   1:47   3:11 
Scott Campbell           0  0  0  -1  0   1  2  0  1  0  0/1    15:35   0:00   0:01 
Shane O'Brien            0  0  0   0  2   1  2  1  1  1  0/0    24:25   2:11   3:20 
Warren Peters            0  0  0   0  0   1  2  2  1  0  5/11   14:15   2:01   0:00 

Players Stats for Whale

Player Name              G  A  P  +/- PIM S  H  SB GA TA FO     MP     PP MP  PK MP  
------------------------------------------------------------------------------------
Brad Staubitz            0  0  0   0  0   0  0  0  0  0  0/0     0:00   0:00   0:00 
Brendan Ranford          0  0  0   1  0   0  1  1  0  1  1/1    15:49   0:48   0:00 
Brennan Evans            0  0  0   0  0   0  0  0  0  0  0/0     0:00   0:00   0:00 
Brent Regner             0  0  0   0  0   1  1  2  1  2  0/0    29:29   4:02   1:17 
Chris McKelvie           0  0  0   0  2   2  1  0  0  0  5/13   20:13   3:57   0:00 
Dallas Jackson           0  0  0   0  0   0  2  1  0  2  0/0    20:38   3:54   2:41 
Denis Grebeshkov         0  0  0   0  0   0  0  1  0  0  0/0    22:09   4:02   1:17 
Denny Urban              0  0  0   1  0   1  0  0  0  0  0/0     9:10   0:00   0:00 
Derek Nesbitt            0  0  0   0  0   2  0  0  2  1  0/0    10:18   0:00   0:00 
James Livingston         0  1  1   1  5   0  0  0  0  1  1/2    14:45   0:00   1:49 
Jay Rosehill             0  0  0   0  0   2  3  0  1  0  0/0    17:31   3:59   1:24 
John McCarthy            0  0  0   0  0   1  3  1  2  0  0/0    13:48   0:00   0:00 
Jon Sim                  0  0  0   0  0   0  1  2  0  0  0/0    16:45   3:57   0:05 
Kelly Zajac              0  0  0   0  0   1  0  0  0  0  10/16  20:57   3:59   2:29 
Mike Hedden              1  0  1   1  0   3  2  0  3  0  1/5    23:46   3:31   2:04 
Mike Moore               0  0  0   0  0   0  0  1  2  0  0/0    12:44   0:00   1:31 
Nick Tarnasky            0  0  0   0  0   4  5  0  2  1  1/3    21:26   3:37   0:05 
Taylor Chorney           0  0  0   1  2   3  3  1  1  1  0/0    26:21   3:54   1:10 

3 Stars

1 - Dustin Tokarski (CON)
2 - Mike Hedden (CON)
3 - David Leggio (HOU)

Power Play

Aeros - 0 on 2 Attempt(s) - 0.00%
Whale - 0 on 4 Attempt(s) - 0.00%

Penalty Kill

Aeros - 4 on 4 Attempt(s) - 100.00% - Score 0 goal in Penalty Kill
Whale - 2 on 2 Attempt(s) - 100.00% - Score 0 goal in Penalty Kill

Official

Referees : Unknown
Linesman : Unknown

Game Notes

Brodie Dupont beats up James Livingston at 2:02 of 1st period
Brodie Dupont is injured at 6:09 of 2nd period (Fractured Right Foot)
Bretton Stamler is injured at 6:35 of 3rd period (Left Hand)

Finance

Level 1 -- Attendance: 1480 (74.00%) -- Ticket Income $51,800
Level 2 -- Attendance: 740 (74.00%) -- Ticket Income $11,100
Total Attendance: 2220 (74.00%)
Total Ticket Income: $62,900
Other Income: $30,821
Total Income: $93,721

Aeros

5 vs 5 Forward 
   Center                   Left Wing                Right Wing               Time % Phy DF OF 
 1 Warren Peters            Jason Zucker             Cam Janssen              35     1   2  2  
 2 Danny Hobbs              Craig Cunningham         Andrew Gordon            30     1   2  2  
 3 Brodie Dupont            Colin Stuart             Matthew Pistilli         22     1   2  2  
 4 Jared Gomes              Scott Campbell           Cam Janssen              13     1   2  2  

5 vs 5 Defense 
   Defense                  Defense                                           Time % Phy DF OF 
 1 Shane O'Brien            Chris Summers                                     35     1   2  2  
 2 Jon Landry               Patrick Wey                                       30     1   2  2  
 3 Bretton Stamler          Joel Chouinard                                    22     1   2  2  
 4 Shane O'Brien            Ilari Melart                                      13     1   2  2  

PowerPlay Forward 
   Center                   Left Wing                Right Wing               Time % Phy DF OF 
 1 Warren Peters            Jason Zucker             Andrew Gordon            60     1   2  2  
 2 Danny Hobbs              Craig Cunningham         Cam Janssen              40     1   2  2  

PowerPlay Defense
   Defense                  Defense                                           Time % Phy DF OF 
 1 Shane O'Brien            Jon Landry                                        60     1   2  2  
 2 Joel Chouinard           Patrick Wey                                       40     1   2  2  

Penalty Kill 4 Players Forward 
   Center                   Wing                     Time % Phy DF OF 
 1 Andrew Gordon            Jason Zucker             60     1   2  2  
 2 Craig Cunningham         Colin Stuart             40     1   2  2  

Penalty Kill 4 Players Defense
   Defense                  Defense                  Time % Phy DF OF 
 1 Shane O'Brien            Jon Landry               60     1   2  2  
 2 Joel Chouinard           Patrick Wey              40     1   2  2  

Penalty Kill - 3 Players Forward 
   Forward                                           Time % Phy DF OF 
 1 Andrew Gordon                                     60     1   2  2  
 2 Jason Zucker                                      40     1   2  2  

Penalty Kill - 3 Players Defense
   Defense                  Defense                  Time % Phy DF OF 
 1 Shane O'Brien            Jon Landry               60     1   2  2  
 2 Joel Chouinard           Patrick Wey              40     1   2  2  

4 vs 4 Forward 
   Center                   Wing                     Time % Phy DF OF 
 1 Andrew Gordon            Jason Zucker             60     1   2  2  
 2 Craig Cunningham         Colin Stuart             40     1   2  2  

4 vs 4 Defense
   Defense                  Defense                  Time % Phy DF OF 
 1 Shane O'Brien            Jon Landry               60     1   2  2  
 2 Joel Chouinard           Patrick Wey              40     1   2  2  

Last Minutes Offensive
   Center                   Left Wing                Right Wing               Defense                  Defense                  
   Warren Peters            Jason Zucker             Andrew Gordon            Shane O'Brien            Jon Landry               

Last Minutes Defensive
   Center                   Left Wing                Right Wing               Defense                  Defense                  
   Warren Peters            Jason Zucker             Andrew Gordon            Shane O'Brien            Jon Landry               

Goaltenders
Starting : David Leggio             
Backup : Harri Sateri             

Extra Forwards
Normal : Matthew Pistilli, Scott Campbell, Jason Zucker - PP : Matthew Pistilli, Scott Campbell - PK : Cam Janssen
Extra Defensemen
Normal : Ilari Melart, Jon Landry, Shane O'Brien - PP : Ilari Melart - PK : Ilari Melart, Shane O'Brien
Penalty Shots
Andrew Gordon, Jason Zucker, Craig Cunningham, Colin Stuart, Warren Peters

Whale

5 vs 5 Forward 
   Center                   Left Wing                Right Wing               Time % Phy DF OF 
 1 Kelly Zajac              Mike Hedden              John McCarthy            35     1   2  2  
 2 Chris McKelvie           Nick Tarnasky            Jon Sim                  30     1   2  2  
 3 Mike Hedden              Brendan Ranford          James Livingston         22     1   2  2  
 4 Nick Tarnasky            Jay Rosehill             Derek Nesbitt            13     1   2  2  

5 vs 5 Defense 
   Defense                  Defense                                           Time % Phy DF OF 
 1 Brent Regner             Denis Grebeshkov                                  35     1   2  2  
 2 Taylor Chorney           Dallas Jackson                                    30     1   2  2  
 3 Brent Regner             Mike Moore                                        22     1   2  2  
 4 Denny Urban              Taylor Chorney                                    13     1   2  2  

PowerPlay Forward 
   Center                   Left Wing                Right Wing               Time % Phy DF OF 
 1 Kelly Zajac              Mike Hedden              Jay Rosehill             60     1   2  2  
 2 Chris McKelvie           Nick Tarnasky            Jon Sim                  40     1   2  2  

PowerPlay Defense
   Defense                  Defense                                           Time % Phy DF OF 
 1 Brent Regner             Denis Grebeshkov                                  60     1   2  2  
 2 Taylor Chorney           Dallas Jackson                                    40     1   2  2  

Penalty Kill 4 Players Forward 
   Center                   Wing                     Time % Phy DF OF 
 1 Kelly Zajac              Mike Hedden              60     1   2  2  
 2 Nick Tarnasky            Jon Sim                  40     1   2  2  

Penalty Kill 4 Players Defense
   Defense                  Defense                  Time % Phy DF OF 
 1 Brent Regner             Denis Grebeshkov         60     1   2  2  
 2 Taylor Chorney           Dallas Jackson           40     1   2  2  

Penalty Kill - 3 Players Forward 
   Forward                                           Time % Phy DF OF 
 1 Nick Tarnasky                                     60     1   2  2  
 2 Mike Hedden                                       40     1   2  2  

Penalty Kill - 3 Players Defense
   Defense                  Defense                  Time % Phy DF OF 
 1 Denny Urban              Denis Grebeshkov         60     1   2  2  
 2 Taylor Chorney           Dallas Jackson           40     1   2  2  

4 vs 4 Forward 
   Center                   Wing                     Time % Phy DF OF 
 1 Kelly Zajac              Mike Hedden              60     1   2  2  
 2 Nick Tarnasky            Jon Sim                  40     1   2  2  

4 vs 4 Defense
   Defense                  Defense                  Time % Phy DF OF 
 1 Mike Moore               Denis Grebeshkov         60     1   2  2  
 2 Taylor Chorney           Dallas Jackson           40     1   2  2  

Last Minutes Offensive
   Center                   Left Wing                Right Wing               Defense                  Defense                  
   Kelly Zajac              Mike Hedden              Nick Tarnasky            Taylor Chorney           Denis Grebeshkov         

Last Minutes Defensive
   Center                   Left Wing                Right Wing               Defense                  Defense                  
   Kelly Zajac              Mike Hedden              Nick Tarnasky            Taylor Chorney           Denis Grebeshkov         

Goaltenders
Starting : Dustin Tokarski          
Backup : Tomas Vokoun             

Extra Forwards
Normal : Brendan Ranford, Jay Rosehill, James Livingston - PP : Brendan Ranford, Jay Rosehill - PK : James Livingston
Extra Defensemen
Normal : Brent Regner, Mike Moore, Denny Urban - PP : Brent Regner - PK : Mike Moore, Denny Urban
Penalty Shots
Brendan Ranford, Mike Hedden, Nick Tarnasky, Jon Sim, Kelly Zajac

% Time on Ice - Aeros

Lines # - Real PCT - Wanted PCT - Time Play
Normal Forward
1 - 26% - 35% - 12:29
2 - 27% - 30% - 12:40
3 - 33% - 22% - 15:24
4 - 14% - 13% - 6:50
Normal Defense
1 - 32% - 35% - 15:08
2 - 29% - 30% - 13:53
3 - 33% - 22% - 15:36
4 - 6% - 13% - 2:46
PP Forward
1 - 51% - 60% - 2:01
2 - 49% - 40% - 1:57
PP Defense
1 - 55% - 60% - 2:11
2 - 45% - 40% - 1:47
PK Forward
1 - 76% - 60% - 6:02
2 - 24% - 40% - 1:54
PK Defense
1 - 60% - 60% - 4:45
2 - 40% - 40% - 3:11
PK3 Forward
1 - 0% - 60%
2 - 0% - 40%
PK3 Defense
1 - 0% - 60%
2 - 0% - 40%
44 Forward
1 - 0% - 60%
2 - 0% - 40%
44 Defense
1 - 0% - 60%
2 - 0% - 40%
Last Minute Offensive  - 0:43
Last Minute Defensive  - 0:00
Total
Forward - 60:00
Defense - 60:00

% Time on Ice - Whale

Lines # - Real PCT - Wanted PCT - Time Play
Normal Forward
1 - 31% - 35% - 14:43
2 - 27% - 30% - 12:47
3 - 25% - 22% - 11:39
4 - 17% - 13% - 8:14
Normal Defense
1 - 34% - 35% - 15:54
2 - 29% - 30% - 13:57
3 - 22% - 22% - 10:16
4 - 15% - 13% - 7:16
PP Forward
1 - 50% - 60% - 3:59
2 - 50% - 40% - 3:57
PP Defense
1 - 51% - 60% - 4:02
2 - 49% - 40% - 3:54
PK Forward
1 - 98% - 60% - 3:53
2 - 2% - 40% - 0:05
PK Defense
1 - 32% - 60% - 1:17
2 - 68% - 40% - 2:41
PK3 Forward
1 - 0% - 60%
2 - 0% - 40%
PK3 Defense
1 - 0% - 60%
2 - 0% - 40%
44 Forward
1 - 0% - 60%
2 - 0% - 40%
44 Defense
1 - 0% - 60%
2 - 0% - 40%
Last Minute Offensive  - 0:00
Last Minute Defensive  - 0:43
Total
Forward - 60:00
Defense - 60:00

Play by Play

1st period


0:01 of 1st period - Kelly Zajac wins face-off versus Warren Peters in neutral zone.
0:04 of 1st period - Chris Summers is hit by Mike Hedden.
0:16 of 1st period - Snap shot by Cam Janssen.
0:16 of 1st period - Shot Misses the Net.
0:18 of 1st period - Slapshot by Warren Peters.
0:18 of 1st period - Stopped by Dustin Tokarski without a rebound.
0:19 of 1st period - Warren Peters wins face-off versus Kelly Zajac in Whale zone.
0:38 of 1st period - Snap shot by Chris Summers.
0:38 of 1st period - Stopped by Dustin Tokarski with a rebound.
0:40 of 1st period - Slapshot by Chris Summers.
0:40 of 1st period - Deflect By Denis Grebeshkov.
0:40 of 1st period - Stopped by Dustin Tokarski with a rebound.
0:42 of 1st period - Slapshot by Shane O'Brien.
0:42 of 1st period - Shot Misses the Net.
0:46 of 1st period - Snap shot by Cam Janssen.
0:46 of 1st period - Stopped by Dustin Tokarski with a rebound.
1:14 of 1st period - Jon Sim is hit by Andrew Gordon and loses puck.
2:02 of 1st period - Brodie Dupont beats up James Livingston.
2:02 of 1st period - Penalty to James Livingston for Fighting.
2:02 of 1st period - Penalty to Brodie Dupont for Fighting.
2:03 of 1st period - Jared Gomes wins face-off versus Nick Tarnasky in Aeros zone.
3:14 of 1st period - Snap shot by Derek Nesbitt.
3:14 of 1st period - Stopped by David Leggio with a rebound.
4:09 of 1st period - Brent Regner is hit by Cam Janssen.
5:17 of 1st period - Minor Penalty to Ilari Melart for High sticking.
5:18 of 1st period - Andrew Gordon wins face-off versus Chris McKelvie in Aeros zone.
5:30 of 1st period - Snap shot by Chris McKelvie.
5:30 of 1st period - Stopped by David Leggio with a rebound.
5:32 of 1st period - Slapshot by Brent Regner.
5:32 of 1st period - Deflect By Shane O'Brien.
5:32 of 1st period - Stopped by David Leggio without a rebound.
5:33 of 1st period - Andrew Gordon wins face-off versus Chris McKelvie in Aeros zone.
6:07 of 1st period - Slapshot by Jason Zucker.
6:07 of 1st period - Stopped by Dustin Tokarski with a rebound.
6:53 of 1st period - Chris McKelvie is hit by Patrick Wey.
7:02 of 1st period - Penalty to Brodie Dupont is over, Brodie Dupont is back on ice.
7:09 of 1st period - Craig Cunningham is hit by Taylor Chorney and loses puck.
7:17 of 1st period - Penalty to Ilari Melart is over, Ilari Melart is back on ice.
7:57 of 1st period - Snap shot by Taylor Chorney.
7:57 of 1st period - Shot Misses the Net.
7:59 of 1st period - Snap shot by Denny Urban.
7:59 of 1st period - Deflect By Joel Chouinard.
7:59 of 1st period - Stopped by David Leggio with a rebound.
8:01 of 1st period - Wrist shot by Mike Hedden.
8:01 of 1st period - Deflect By Joel Chouinard.
8:01 of 1st period - Shot Misses the Net.
8:01 of 1st period - Puck is out of play.
8:02 of 1st period - Brodie Dupont wins face-off versus Mike Hedden in Aeros zone.
8:23 of 1st period - Slapshot by Chris Summers.
8:23 of 1st period - Shot Misses the Net.
8:25 of 1st period - Slapshot by Shane O'Brien.
8:25 of 1st period - Stopped by Dustin Tokarski with a rebound.
8:29 of 1st period - Slapshot by Chris Summers.
8:29 of 1st period - Shot Blocked by Brent Regner.
8:31 of 1st period - Slapshot by Shane O'Brien.
8:31 of 1st period - Shot Misses the Net.
8:33 of 1st period - Snap shot by Chris Summers.
8:33 of 1st period - Shot Misses the Net.
8:35 of 1st period - Snap shot by Colin Stuart.
8:35 of 1st period - Shot Blocked by Mike Moore.
8:37 of 1st period - Slapshot by Chris Summers.
8:37 of 1st period - Stopped by Dustin Tokarski without a rebound.
8:38 of 1st period - Danny Hobbs wins face-off versus Kelly Zajac in Whale zone.
8:43 of 1st period - Slapshot by Chris Summers.
8:43 of 1st period - Deflect By Kelly Zajac.
8:43 of 1st period - Stopped by Dustin Tokarski with a rebound.
8:45 of 1st period - Slapshot by Chris Summers.
8:45 of 1st period - Stopped by Dustin Tokarski without a rebound.
8:46 of 1st period - Kelly Zajac wins face-off versus Danny Hobbs in Whale zone.
8:46 of 1st period - Kelly Zajac is hit by Craig Cunningham.
9:08 of 1st period - Slapshot by Nick Tarnasky.
9:08 of 1st period - Stopped by David Leggio with a rebound.
9:27 of 1st period - Icing by Taylor Chorney.
9:28 of 1st period - Jared Gomes wins face-off versus Mike Hedden in Whale zone.
10:25 of 1st period - Slapshot by Brodie Dupont.
10:25 of 1st period - Stopped by Dustin Tokarski without a rebound.
10:26 of 1st period - Brodie Dupont wins face-off versus Chris McKelvie in Whale zone.
11:14 of 1st period - Chris Summers is hit by Nick Tarnasky and loses puck.
11:51 of 1st period - Minor Penalty to Bretton Stamler for Interference.
11:52 of 1st period - Andrew Gordon wins face-off versus Chris McKelvie in Aeros zone.
12:26 of 1st period - Off-side.
12:27 of 1st period - Kelly Zajac wins face-off versus Andrew Gordon in neutral zone.
13:51 of 1st period - Penalty to Bretton Stamler is over, Bretton Stamler is back on ice.
15:25 of 1st period - Mike Moore is hit by Joel Chouinard and loses puck.
16:33 of 1st period - Snap shot by Nick Tarnasky.
16:33 of 1st period - Shot Blocked by Jon Landry.
16:35 of 1st period - Slapshot by Taylor Chorney.
16:35 of 1st period - Shot Blocked by Warren Peters.
16:37 of 1st period - Snap shot by Taylor Chorney.
16:37 of 1st period - Shot Blocked by Jon Landry.
16:39 of 1st period - Snap shot by Taylor Chorney.
16:39 of 1st period - Shot Blocked by Patrick Wey.
17:26 of 1st period - Snap shot by Colin Stuart.
17:26 of 1st period - Stopped by Dustin Tokarski with a rebound.
17:28 of 1st period - Slapshot by Chris Summers.
17:28 of 1st period - Stopped by Dustin Tokarski with a rebound.
17:30 of 1st period - Snap shot by Brodie Dupont.
17:30 of 1st period - Shot Blocked by Denis Grebeshkov.
17:40 of 1st period - Chris McKelvie is hit by Jared Gomes and loses puck.
17:57 of 1st period - Snap shot by Jay Rosehill.
17:57 of 1st period - Shot Misses the Net.
18:28 of 1st period - Slapshot by Mike Hedden.
18:28 of 1st period - Deflect By Colin Stuart.
18:28 of 1st period - Stopped by David Leggio with a rebound.
Goals for this period are 0 for Aeros vs 0 for Whale.
Shots for this period are 12 for Aeros vs 6 for Whale.

2nd period


0:01 of 2nd period - Kelly Zajac wins face-off versus Warren Peters in neutral zone.
0:09 of 2nd period - Off-side.
0:10 of 2nd period - Kelly Zajac wins face-off versus Warren Peters in neutral zone.
0:52 of 2nd period - Minor Penalty to Shane O'Brien for Hooking.
0:53 of 2nd period - Chris McKelvie wins face-off versus Andrew Gordon in Aeros zone.
1:46 of 2nd period - Snap shot by Jay Rosehill.
1:46 of 2nd period - Deflect By Mike Hedden.
1:46 of 2nd period - Stopped by David Leggio with a rebound.
2:06 of 2nd period - Slapshot by Mike Hedden.
2:06 of 2nd period - Shot Misses the Net.
2:08 of 2nd period - Slapshot by Denis Grebeshkov.
2:08 of 2nd period - Shot Misses the Net.
2:26 of 2nd period - Snap shot by Nick Tarnasky.
2:26 of 2nd period - Stopped by David Leggio with a rebound.
2:28 of 2nd period - Slapshot by Brent Regner.
2:28 of 2nd period - Deflect By Nick Tarnasky.
2:28 of 2nd period - Shot Misses the Net.
2:28 of 2nd period - Puck is out of play.
2:29 of 2nd period - Chris McKelvie wins face-off versus Craig Cunningham in Aeros zone.
2:30 of 2nd period - Wrist shot by Nick Tarnasky.
2:30 of 2nd period - Deflect By Jon Sim.
2:30 of 2nd period - Shot Misses the Net.
2:30 of 2nd period - Puck is out of play.
2:31 of 2nd period - Craig Cunningham wins face-off versus Chris McKelvie in Aeros zone.
2:52 of 2nd period - Penalty to Shane O'Brien is over, Shane O'Brien is back on ice.
3:46 of 2nd period - Slapshot by Cam Janssen.
3:46 of 2nd period - Stopped by Dustin Tokarski without a rebound.
3:47 of 2nd period - Nick Tarnasky wins face-off versus Brodie Dupont in Whale zone.
5:44 of 2nd period - Snap shot by Jared Gomes.
5:44 of 2nd period - Shot Misses the Net.
5:46 of 2nd period - Slapshot by Jon Landry.
5:46 of 2nd period - Shot Misses the Net.
5:50 of 2nd period - Backhand shot by Scott Campbell.
5:50 of 2nd period - Shot Blocked by Brendan Ranford.
5:52 of 2nd period - Snap shot by Patrick Wey.
5:52 of 2nd period - Shot Blocked by Taylor Chorney.
6:08 of 2nd period - Brodie Dupont is hit by Brendan Ranford and loses puck.
6:09 of 2nd period - Brodie Dupont from Aeros is injured at 6:09 of 2nd period (Fractured Right Foot).
6:10 of 2nd period - Chris McKelvie wins face-off versus Warren Peters in Aeros zone.
6:35 of 2nd period - Snap shot by Jon Sim.
6:35 of 2nd period - Shot Misses the Net.
6:37 of 2nd period - Slapshot by Denis Grebeshkov.
6:37 of 2nd period - Shot Blocked by Chris Summers.
6:39 of 2nd period - Slapshot by Chris McKelvie.
6:39 of 2nd period - Stopped by David Leggio with a rebound.
6:45 of 2nd period - Snap shot by Chris McKelvie.
6:45 of 2nd period - Shot Misses the Net.
6:47 of 2nd period - Snap shot by Denis Grebeshkov.
6:47 of 2nd period - Shot Blocked by Chris Summers.
7:05 of 2nd period - Snap shot by Craig Cunningham.
7:05 of 2nd period - Stopped by Dustin Tokarski without a rebound.
7:06 of 2nd period - Kelly Zajac wins face-off versus Danny Hobbs in Whale zone.
7:06 of 2nd period - Kelly Zajac is hit by Andrew Gordon.
7:22 of 2nd period - Kelly Zajac is hit by Andrew Gordon and loses puck.
8:01 of 2nd period - Nick Tarnasky is hit by Scott Campbell and loses puck.
8:10 of 2nd period - Nick Tarnasky is hit by Scott Campbell and loses puck.
8:17 of 2nd period - Denny Urban is hit by Jon Landry and loses puck.
8:40 of 2nd period - James Livingston is hit by Jon Landry and loses puck.
8:57 of 2nd period - Wrist shot by Jason Zucker.
8:57 of 2nd period - Shot Misses the Net.
9:17 of 2nd period - Snap shot by Andrew Gordon.
9:17 of 2nd period - Stopped by Dustin Tokarski with a rebound.
9:38 of 2nd period - Colin Stuart is hit by Jon Sim and loses puck.
10:11 of 2nd period - Taylor Chorney is hit by Warren Peters and loses puck.
10:18 of 2nd period - Slapshot by Nick Tarnasky.
10:18 of 2nd period - Shot Blocked by Warren Peters.
10:32 of 2nd period - Joel Chouinard is hit by John McCarthy.
10:54 of 2nd period - Jon Sim is hit by Matthew Pistilli and loses puck.
11:28 of 2nd period - Mike Hedden is hit by Danny Hobbs.
11:36 of 2nd period - Minor Penalty to Taylor Chorney for Tripping.
11:37 of 2nd period - Kelly Zajac wins face-off versus Warren Peters in Whale zone.
12:13 of 2nd period - Slapshot by Cam Janssen.
12:13 of 2nd period - Deflect By Craig Cunningham.
12:13 of 2nd period - Shot Misses the Net.
12:13 of 2nd period - Puck is out of play.
12:14 of 2nd period - Danny Hobbs wins face-off versus Kelly Zajac in Whale zone.
12:17 of 2nd period - Snap shot by Craig Cunningham.
12:17 of 2nd period - Shot Misses the Net.
12:27 of 2nd period - Kelly Zajac is hit by Warren Peters and loses puck.
13:20 of 2nd period - Jay Rosehill is hit by Jason Zucker.
13:36 of 2nd period - Penalty to Taylor Chorney is over, Taylor Chorney is back on ice.
13:38 of 2nd period - Matthew Pistilli is hit by Dallas Jackson and loses puck.
13:47 of 2nd period - James Livingston is hit by Craig Cunningham and loses puck.
14:30 of 2nd period - Jon Landry is hit by Brent Regner and loses puck.
14:39 of 2nd period - Snap shot by Nick Tarnasky.
14:39 of 2nd period - Stopped by David Leggio with a rebound.
14:41 of 2nd period - Slapshot by Taylor Chorney.
14:41 of 2nd period - Stopped by David Leggio with a rebound.
14:43 of 2nd period - Snap shot by Taylor Chorney.
14:43 of 2nd period - Shot Misses the Net.
15:03 of 2nd period - Slapshot by Kelly Zajac.
15:03 of 2nd period - Shot Misses the Net.
15:05 of 2nd period - Wrist shot by John McCarthy.
15:05 of 2nd period - Stopped by David Leggio with a rebound.
15:29 of 2nd period - Danny Hobbs is hit by Nick Tarnasky and loses puck.
16:49 of 2nd period - Wrist shot by Jay Rosehill.
16:49 of 2nd period - Stopped by David Leggio with a rebound.
16:51 of 2nd period - Snap shot by Taylor Chorney.
16:51 of 2nd period - Stopped by David Leggio with a rebound.
16:53 of 2nd period - Wrist shot by Taylor Chorney.
16:53 of 2nd period - Shot Blocked by Shane O'Brien.
16:55 of 2nd period - Wrist shot by Denny Urban.
16:55 of 2nd period - Deflect By Jay Rosehill.
16:55 of 2nd period - Shot Misses the Net.
16:55 of 2nd period - Puck is out of play.
16:56 of 2nd period - Brendan Ranford wins face-off versus Jared Gomes in Aeros zone.
17:48 of 2nd period - Jon Landry is hit by Dallas Jackson.
18:03 of 2nd period - Off-side.
18:04 of 2nd period - Kelly Zajac wins face-off versus Danny Hobbs in neutral zone.
18:11 of 2nd period - Wrist shot by Kelly Zajac.
18:11 of 2nd period - Stopped by David Leggio with a rebound.
18:49 of 2nd period - Icing by Jon Landry.
18:50 of 2nd period - Warren Peters wins face-off versus James Livingston in Aeros zone.
Goals for this period are 0 for Aeros vs 0 for Whale.
Shots for this period are 3 for Aeros vs 9 for Whale.

3rd period


0:01 of 3rd period - Warren Peters wins face-off versus Chris McKelvie in neutral zone.
0:10 of 3rd period - Snap shot by Jason Zucker.
0:10 of 3rd period - Shot Misses the Net.
1:00 of 3rd period - Snap shot by Andrew Gordon.
1:00 of 3rd period - Shot Misses the Net.
1:02 of 3rd period - Wrist shot by Craig Cunningham.
1:02 of 3rd period - Shot Misses the Net.
1:40 of 3rd period - Kelly Zajac is hit by Colin Stuart and loses puck.
1:47 of 3rd period - Patrick Wey is hit by Mike Hedden and loses puck.
1:56 of 3rd period - Jon Landry is hit by John McCarthy and loses puck.
2:01 of 3rd period - Slapshot by Mike Hedden.
2:01 of 3rd period - Shot Blocked by Patrick Wey.
2:03 of 3rd period - Slapshot by Denny Urban.
2:03 of 3rd period - Shot Misses the Net.
2:49 of 3rd period - Shane O'Brien is hit by Nick Tarnasky and loses puck.
3:04 of 3rd period - Dallas Jackson is hit by Cam Janssen and loses puck.
3:16 of 3rd period - Minor Penalty to Bretton Stamler for Hooking.
3:17 of 3rd period - Kelly Zajac wins face-off versus Andrew Gordon in Aeros zone.
3:59 of 3rd period - Slapshot by Andrew Gordon.
3:59 of 3rd period - Stopped by Dustin Tokarski with a rebound.
4:13 of 3rd period - Cam Janssen is hit by Jay Rosehill and loses puck.
4:32 of 3rd period - Wrist shot by Nick Tarnasky.
4:32 of 3rd period - Stopped by David Leggio without a rebound.
4:33 of 3rd period - Andrew Gordon wins face-off versus Chris McKelvie in Aeros zone.
4:46 of 3rd period - Wrist shot by Andrew Gordon.
4:46 of 3rd period - Shot Blocked by Jon Sim.
4:48 of 3rd period - Wrist shot by Jon Landry.
4:48 of 3rd period - Shot Blocked by Dallas Jackson.
4:56 of 3rd period - Jon Landry is hit by Taylor Chorney.
5:10 of 3rd period - Shane O'Brien is hit by Jay Rosehill and loses puck.
5:16 of 3rd period - Penalty to Bretton Stamler is over, Bretton Stamler is back on ice.
5:19 of 3rd period - Snap shot by Jay Rosehill.
5:19 of 3rd period - Stopped by David Leggio without a rebound.
5:20 of 3rd period - Kelly Zajac wins face-off versus Scott Campbell in Aeros zone.
5:52 of 3rd period - Slapshot by Bretton Stamler.
5:52 of 3rd period - Deflect By Matthew Pistilli.
5:52 of 3rd period - Shot Hit the Post.
5:52 of 3rd period - Puck is out of play.
5:53 of 3rd period - Jared Gomes wins face-off versus Kelly Zajac in Whale zone.
6:02 of 3rd period - Mike Hedden is hit by Shane O'Brien and loses puck.
6:13 of 3rd period - Snap shot by Cam Janssen.
6:13 of 3rd period - Shot Blocked by John McCarthy.
6:15 of 3rd period - Snap shot by Jared Gomes.
6:15 of 3rd period - Stopped by Dustin Tokarski without a rebound.
6:16 of 3rd period - Danny Hobbs wins face-off versus Chris McKelvie in Whale zone.
6:23 of 3rd period - Snap shot by Craig Cunningham.
6:23 of 3rd period - Stopped by Dustin Tokarski without a rebound.
6:24 of 3rd period - Chris McKelvie wins face-off versus Danny Hobbs in Whale zone.
6:24 of 3rd period - Chris McKelvie is hit by Danny Hobbs.
6:30 of 3rd period - Joel Chouinard is hit by Chris McKelvie and loses puck.
6:35 of 3rd period - Wrist shot by Brendan Ranford.
6:35 of 3rd period - Shot Blocked by Bretton Stamler.
6:35 of 3rd period - Bretton Stamler from Aeros is injured at 6:35 of 3rd period (Left Hand).
6:36 of 3rd period - Warren Peters wins face-off versus Kelly Zajac in Aeros zone.
6:49 of 3rd period - Snap shot by Kelly Zajac.
6:49 of 3rd period - Shot Misses the Net.
6:51 of 3rd period - Slapshot by Denis Grebeshkov.
6:51 of 3rd period - Shot Misses the Net.
7:35 of 3rd period - Minor Penalty to Chris McKelvie for Holding.
7:36 of 3rd period - Danny Hobbs wins face-off versus Kelly Zajac in Whale zone.
7:49 of 3rd period - Dallas Jackson is hit by Cam Janssen and loses puck.
8:24 of 3rd period - Slapshot by Andrew Gordon.
8:24 of 3rd period - Shot Misses the Net.
8:26 of 3rd period - Snap shot by Jason Zucker.
8:26 of 3rd period - Shot Misses the Net.
8:28 of 3rd period - Slapshot by Shane O'Brien.
8:28 of 3rd period - Shot Misses the Net.
9:35 of 3rd period - Penalty to Chris McKelvie is over, Chris McKelvie is back on ice.
9:44 of 3rd period - Snap shot by Craig Cunningham.
9:44 of 3rd period - Shot Blocked by Jon Sim.
10:15 of 3rd period - Denis Grebeshkov is hit by Colin Stuart and loses puck.
10:34 of 3rd period - Nick Tarnasky is hit by Danny Hobbs and loses puck.
10:41 of 3rd period - Slapshot by Danny Hobbs.
10:41 of 3rd period - Shot Misses the Net.
10:43 of 3rd period - Slapshot by Matthew Pistilli.
10:43 of 3rd period - Stopped by Dustin Tokarski with a rebound.
10:45 of 3rd period - Slapshot by Jon Landry.
10:45 of 3rd period - Stopped by Dustin Tokarski with a rebound.
10:47 of 3rd period - Wrist shot by Matthew Pistilli.
10:47 of 3rd period - Shot Misses the Net.
11:03 of 3rd period - Snap shot by James Livingston.
11:03 of 3rd period - Deflect By Mike Hedden.
11:03 of 3rd period - Goal by Mike Hedden - Aeros : 0 - Whale : 1.
11:04 of 3rd period - Mike Hedden wins face-off versus Danny Hobbs in neutral zone.
11:07 of 3rd period - Joel Chouinard is hit by Taylor Chorney.
11:14 of 3rd period - Icing by Dallas Jackson.
11:15 of 3rd period - Craig Cunningham wins face-off versus Mike Hedden in Whale zone.
11:21 of 3rd period - Icing by Taylor Chorney.
11:22 of 3rd period - Danny Hobbs wins face-off versus Mike Hedden in Whale zone.
11:59 of 3rd period - Snap shot by Matthew Pistilli.
11:59 of 3rd period - Shot Misses the Net.
12:01 of 3rd period - Wrist shot by Scott Campbell.
12:01 of 3rd period - Stopped by Dustin Tokarski with a rebound.
12:03 of 3rd period - Slapshot by Joel Chouinard.
12:03 of 3rd period - Shot Misses the Net.
12:05 of 3rd period - Slapshot by Joel Chouinard.
12:05 of 3rd period - Stopped by Dustin Tokarski without a rebound.
12:06 of 3rd period - Warren Peters wins face-off versus Nick Tarnasky in Whale zone.
12:38 of 3rd period - Shane O'Brien is hit by Nick Tarnasky and loses puck.
13:12 of 3rd period - Taylor Chorney is hit by Matthew Pistilli and loses puck.
13:41 of 3rd period - Andrew Gordon is hit by Jay Rosehill and loses puck.
14:14 of 3rd period - Slapshot by Kelly Zajac.
14:14 of 3rd period - Shot Misses the Net.
14:39 of 3rd period - Off-side.
14:40 of 3rd period - Chris McKelvie wins face-off versus Danny Hobbs in neutral zone.
14:53 of 3rd period - Andrew Gordon is hit by Nick Tarnasky and loses puck.
15:39 of 3rd period - Wrist shot by Cam Janssen.
15:39 of 3rd period - Shot Hit the Post.
15:41 of 3rd period - Wrist shot by Cam Janssen.
15:41 of 3rd period - Shot Blocked by Brent Regner.
15:43 of 3rd period - Slapshot by Patrick Wey.
15:43 of 3rd period - Shot Misses the Net.
16:08 of 3rd period - Snap shot by Colin Stuart.
16:08 of 3rd period - Shot Misses the Net.
16:18 of 3rd period - Brent Regner is hit by Shane O'Brien and loses puck.
17:32 of 3rd period - John McCarthy is hit by Jason Zucker and loses puck.
17:59 of 3rd period - Snap shot by Cam Janssen.
17:59 of 3rd period - Stopped by Dustin Tokarski with a rebound.
18:24 of 3rd period - Slapshot by Taylor Chorney.
18:24 of 3rd period - Stopped by David Leggio with a rebound.
18:50 of 3rd period - Snap shot by Derek Nesbitt.
18:50 of 3rd period - Stopped by David Leggio with a rebound.
18:52 of 3rd period - Slapshot by Denis Grebeshkov.
18:52 of 3rd period - Shot Hit the Post.
19:02 of 3rd period - Danny Hobbs is hit by John McCarthy and loses puck.
19:23 of 3rd period - Wrist shot by Jay Rosehill.
19:23 of 3rd period - Shot Misses the Net.
19:33 of 3rd period - Snap shot by Derek Nesbitt.
19:33 of 3rd period - Shot Misses the Net.
19:42 of 3rd period - Off-side.
19:43 of 3rd period - Dean Evason call a timeout for Aeros.
19:43 of 3rd period - James Livingston wins face-off versus Warren Peters in neutral zone.
Goals for this period are 0 for Aeros vs 1 for Whale.
Shots for this period are 8 for Aeros vs 5 for Whale.


Output by the SimonT Hockey Simulator (STHS) for Eric Dolegowski -- Original Page W3C XHTML 1.0 Valid
Hockey Simulator - Hockey Simulation - Hockey Manager